AoeStats
← Chris Becker

Black Forest

509412895Analyzed
4v4 RM · 6d ago on Sep 26, 2026· 61m 43s· 8 players
Game mode
Random Map
Map size
Large (8 player)
Population
200
Speed
Normal
Resources
Standard
Victory
Conquest
Starting age
Dark Age
Ending age
Imperial Age
RankedLock teamsTeams togetherTeam positionsShared explorationLock speedFull tech treeHidden civsTurbo modeCheats
Victory
Defeat
🇦🇷 Celts · Argentina
1655
+12
🇭🇰 Mongols · Hong Kong SAR China
1642
+12
🇲🇽 Bohemians · Mexico
1629
+13
🇨🇳 Georgians · China
1493
+18
🇨🇳 Persians · China
1655
-18
🇨🇳 Britons · China
1531
-13
🇩🇪 Ethiopians · Germany
1527
-13
🇨🇳 Spanish · China
1492
-11
给你一棒槌
0:45 Loom
10:01 Feudal Age
15:08 Castle Age
13:45 Double-Bit Axe
14:06 Horse Collar
15:19 Town Watch
25:49 Fletching
26:33 Bodkin Arrow
31:18 Bow Saw
35:29 Ballistics
35:20 Masonry
38:36 Imperial Age
36:37 Padded Archer Armor
36:42 Treadmill Crane
39:19 Bracer
40:24 Chemistry
41:07 Conscription
41:13 Leather Archer Armor
44:51 Wheelbarrow
47:06 Yeomen
50:17 Siege Engineers
49:46 Elite Longbowman
51:59 Warwolf
53:45 Squires
53:31 Arson
57:26 Ring Archer Armor
啥牌子的
12:20 Feudal Age
16:16 Castle Age
14:39 Double-Bit Axe
15:00 Horse Collar
17:27 Bow Saw
22:01 Heavy Plow
23:19 Wheelbarrow
26:15 Hand Cart
29:11 Imperial Age
26:27 Town Watch
26:37 Gold Mining
26:53 Loom
26:59 Stone Mining
27:50 Scale Barding Armor
27:55 Forging
28:35 Stone Shaft Mining
28:38 Gold Shaft Mining
28:39 Husbandry
28:50 Bloodlines
29:08 Chain Barding Armor
30:06 Iron Casting
29:45 Town Patrol
30:16 Crop Rotation
29:13 Cavalier
31:00 Plate Barding Armor
32:12 Blast Furnace
30:43 Savar
33:25 Two-Man Saw
37:00 Conscription
39:05 Light Cavalry
40:24 Caravan
44:21 Hussar
47:51 Coinage
50:07 Banking
[Fx、]AirDk
10:41 Feudal Age
14:19 Castle Age
12:43 Double-Bit Axe
12:59 Horse Collar
20:46 Wheelbarrow
22:09 Hand Cart
22:40 Gold Mining
28:26 Imperial Age
25:42 Loom
26:25 Bow Saw
26:56 Scale Barding Armor
27:19 Heavy Plow
28:26 Chain Barding Armor
28:08 Husbandry
28:18 Bloodlines
28:34 Forging
28:40 Cavalier
29:58 Plate Barding Armor
30:44 Iron Casting
30:45 Caravan
30:09 Paladin
31:58 Chemistry
32:29 Two-Man Saw
31:22 Stone Mining
32:28 Ballistics
33:50 Blast Furnace
34:08 Conscription
34:09 Supremacy
34:31 Bombard Tower
34:11 Fletching
35:28 Stone Shaft Mining
34:50 Murder Holes
35:05 Masonry
35:07 Bodkin Arrow
35:23 Elite Conquistador
36:34 Bracer
36:35 Padded Archer Armor
37:43 Hoardings
38:01 Capped Ram
38:48 Inquisition
39:10 Siege Ram
40:43 Leather Archer Armor
41:30 Coinage
43:09 Banking
44:21 Ring Archer Armor
44:22 Architecture
45:09 Guilds
47:04 Scale Mail Armor
46:25 Man-at-Arms
47:05 Squires
46:51 Gambesons
48:04 Chain Mail Armor
47:32 Long Swordsman
49:31 Plate Mail Armor
48:27 Two-Handed Swordsman
49:20 Fortified Wall
49:41 Block Printing
49:58 Champion
52:16 Pikeman
58:39 Halberdier
59:12 Arson
Chris Becker
1:02 Loom
12:50 Feudal Age
17:17 Castle Age
15:51 Double-Bit Axe
15:50 Horse Collar
19:13 Bow Saw
20:08 Heavy Plow
23:58 Gold Mining
25:53 Wheelbarrow
27:15 Scale Mail Armor
28:11 Chain Mail Armor
30:03 Hand Cart
33:37 Imperial Age
31:30 Fletching
31:41 Padded Archer Armor
31:57 Crossbowman
32:35 Bodkin Arrow
33:22 Gold Shaft Mining
33:39 Forging
34:14 Ballistics
34:29 Bracer
34:50 Thumb Ring
36:26 Chemistry
36:06 Arbalester
41:16 Siege Engineers
53:47 Stone Mining
57:39 Elite Shotel Warrior
59:21 Plate Mail Armor
59:32 Caravan
61:01 Iron Casting
61:02 Conscription
[SotC] Spirit
10:57 Feudal Age
14:28 Castle Age
12:54 Horse Collar
13:03 Double-Bit Axe
16:16 Bow Saw
16:33 Heavy Plow
22:15 Fervor
24:10 Wheelbarrow
27:05 Imperial Age
25:50 Scale Mail Armor
26:01 Forging
27:11 Chemistry
27:49 Chain Mail Armor
28:09 Iron Casting
27:26 Pikeman
28:06 Squires
28:00 Loom
28:01 Town Watch
28:24 Halberdier
30:41 Conscription
31:37 Plate Mail Armor
32:07 Blast Furnace
31:27 Hand Cart
31:56 Wagenburg Tactics
32:21 Fletching
32:32 Padded Archer Armor
32:53 Ballistics
33:09 Siege Engineers
33:59 Houfnice
35:27 Arson
36:11 Caravan
37:24 Bodkin Arrow
37:44 Leather Archer Armor
39:13 Coinage
40:16 Banking
39:56 Guilds
40:50 Two-Man Saw
40:53 Two-Man Saw
44:06 Ballistics
43:56 Masonry
47:11 Hussite Reforms
46:26 Elite Hussite Wagon
48:16 Architecture
47:56 Fortified Wall
47:42 Murder Holes
49:25 Man-at-Arms
51:32 Ring Archer Armor
51:02 Bracer
YMK414
10:49 Feudal Age
14:47 Castle Age
12:33 Double-Bit Axe
12:46 Gold Mining
13:28 Horse Collar
15:44 Bow Saw
22:14 Wheelbarrow
22:07 Loom
28:17 Imperial Age
26:47 Gold Shaft Mining
26:24 Fletching
27:07 Bodkin Arrow
27:30 Stone Mining
28:01 Padded Archer Armor
29:24 Bracer
29:58 Ballistics
31:11 Chemistry
31:04 Leather Archer Armor
31:26 Hand Cart
31:21 Masonry
31:30 Bloodlines
32:52 Thumb Ring
33:13 Parthian Tactics
33:42 Elite Mangudai
37:54 Husbandry
38:43 Conscription
38:49 Murder Holes
40:57 Caravan
43:04 Careening
43:14 Shipwright
45:04 Fortified Wall
45:51 Scale Barding Armor
45:56 Forging
48:13 Town Watch
48:13 Light Cavalry
49:15 Chain Barding Armor
49:31 Iron Casting
49:36 Nomads
52:04 Coinage
51:42 Onager
53:24 Blast Furnace
54:21 Drill
58:11 Drill
niap_cinorhc
7:17 Loom
10:18 Feudal Age
10:45 Town Watch
14:28 Castle Age
13:31 Double-Bit Axe
22:14 Bow Saw
26:09 Wheelbarrow
34:22 Imperial Age
34:05 Gold Mining
34:05 Stone Mining
34:16 Pikeman
34:43 Gambesons
35:00 Scale Mail Armor
36:07 Forging
35:45 Halberdier
37:50 Chain Mail Armor
41:00 Plate Mail Armor
43:43 Iron Casting
49:04 Hand Cart
50:54 Onager
52:51 Heavy Scorpion
57:56 Siege Engineers
58:02 Masonry
57:57 Siege Onager
61:41 Caravan
Elite Noob
1:13 Loom
11:38 Feudal Age
13:13 Double-Bit Axe
15:35 Castle Age
15:20 Horse Collar
21:09 Wheelbarrow
23:02 Bow Saw
25:17 Hand Cart
26:10 Stone Mining
26:12 Gold Mining
30:10 Imperial Age
27:52 Fletching
28:41 Svan Towers
28:42 Guard Tower
28:34 Treadmill Crane
29:05 Masonry
30:41 Bodkin Arrow
31:46 Keep
30:57 Arrowslits
31:33 Ballistics
31:44 Architecture
32:14 Chemistry
31:22 Bracer
33:16 Coinage
32:59 Onager
34:26 Siege Onager
35:29 Town Watch
36:08 Siege Engineers
39:28 Light Cavalry
40:18 Bloodlines
40:09 Husbandry
41:51 Hussar
42:42 Aznauri Cavalry
42:58 Conscription
44:21 Scale Barding Armor
44:27 Forging
45:30 Stone Shaft Mining
45:44 Chain Barding Armor
48:11 Heavy Plow
50:57 Plate Barding Armor
50:58 Iron Casting
51:14 Crop Rotation
53:43 Guilds
54:03 Banking
54:00 Cavalier
62:31 Block Printing
Connection lost

Rejoining the realm…

Still unreachable

The connection could not be restored.

Session expired

The server has moved on; the page needs a fresh start.